 Dungeon Sprint DCSS version 0.26-a0-639-g72c4674329 (webtiles) character file.

Game seed: 12782835513261138436

0 HoaS the Ruffian (level 3, -1/21 HPs)
             Began as a Gargoyle Gladiator on Sept 26, 2020.
             Was an Initiate of Makhleb.
             Killed by nerve-wracking pain
             ... invoked by a shadow imp
              (7 damage)
             ... in the Dungeon (Sprint VI: "Thunderdome").
             The game lasted 00:03:34 (170 turns).

HoaS the Ruffian (Gargoyle Gladiator)                Turns: 170, Time: 00:03:34

Health: -1/21      AC:  7    Str: 18    XL:     3   Next: 93%
Magic:  3/3        EV: 12    Int:  8    God:    Makhleb [......]
Gold:   200        SH:  0    Dex: 11    Spells: 2/2 levels left

rFire    . . .     SeeInvis .     - Unarmed
rCold    . . .     Faith    .   (no shield)
rNeg     + . .     Spirit   .   a - +0 leather armour
rPois    ∞         Reflect  .   b - +0 helmet
rElec    +         Harm     .   (no cloak)
rCorr    .         Rampage  .   (no gloves)
MR       .....     NoTele   +   (no boots)
Stlth    +.........             (no amulet)
HPRegen  0.07/turn              (no ring)
MPRegen  0.08/turn              (no ring)

@: no status effects
A: negative energy resistance 1, electricity resistance, unbreathing,
petrification resistance, rot immunity, AC +3
a: Renounce Religion


You were in the Dungeon.
You worshipped Makhleb.
Makhleb was noncommittal.
You visited 1 branch You collected 200 gold pieces.

Inventory:

Missiles
 c - 3 throwing nets (quivered)
Armour
 a - a +0 leather armour (worn)
 b - a +0 helmet (worn)
Wands
 j - a wand of acid (5)
 k - a wand of iceblast (5)
Scrolls
 i - 4 scrolls of blinking
 l - 3 scrolls of fog
Potions
 d - a potion of curing
 e - 4 potions of heal wounds
 f - 4 potions of haste
 g - 2 potions of magic
 h - a potion of berserk rage
 m - a potion of resistance


   Skills:
 - Level 2.1 Fighting
 - Level 1.7 Throwing
 - Level 2.4 Dodging
 + Level 7.9 Unarmed Combat


You had 2 spell levels left.
You didn't know any spells.
Your spell library was empty.

Dungeon Overview and Level Annotations

Branches:
Dungeon (1/1)

Altars:
Cheibriados
Dithmenos
Fedhas
Gozag
Kikubaaqudgha
Makhleb
Okawaru
Qazlal
Ru
Sif Muna
Trog
Uskayaw
Vehumet
Wu Jian
Xom
Yredelemnul
Zin
The Shining One
Beogh
Jiyva
Lugonu

Shops:
D *[??*?*:[((!!!!


Innate Abilities, Weirdness & Mutations

You are resistant to torment.
Your stone body is resilient. (AC +3)
You are immune to poison.
You resist negative energy. (rN+)
You are resistant to electric shocks. (rElec)
You can survive without breathing.
You are immune to petrification.
You are immune to rotting.


Message History

The iron imp hits you. The shadow imp hits you.
You hit the iron imp.
The iron imp is heavily wounded.
The iron imp grinds its teeth.
The iron imp closely misses you.
You hit the iron imp. You punch the iron imp.
The iron imp is almost dead.
The iron imp hits you.
You hit the iron imp.
You kill the iron imp!
Makhleb accepts your kill.
Your Unarmed Combat skill increases to level 7!
The iron imp hits you.
You barely miss the iron imp. You hit the iron imp but do no damage.
The iron imp barely misses you. The shadow imp barely misses you.
You closely miss the iron imp. The shadow imp gestures at you.
Pain shoots through your body!
You die...

##∩.....∩## #∩.......∩#
#........_# #........_#
#_......._# ###.........###
#⌠...........⌠#
######.8.........8.######
##.___......###.@....___∩##
#∩........8.# #585.......∩###
............###.............##
.........###...###..........⌠#
.........# #.<.# #..........⌠#
.........###...###..........⌠#
............###.............##
#∩........8.# #.8........∩###
##∩___......###......___∩##


You could see an iron imp and a shadow imp.

Vanquished Creatures
  2 iron imps (D)
2 creatures vanquished.

Notes
Turn   | Place    | Note
-------+----------+-------------------------------------------
     0 | D        | HoaS the Gargoyle Gladiator began the quest for the Orb.
     0 | D        | Reached XP level 1. HP: 12/12 MP: 1/1
     1 | D        | Found a bloodstained altar of Trog.
     1 | D        | Found a shimmering altar of Xom.
     2 | D        | Found a basalt altar of Yredelemnul.
     2 | D        | Found an ornate altar of the Wu Jian Council.
     3 | D        | Found a hide-covered altar of Uskayaw.
     4 | D        | Found an ancient bone altar of Kikubaaqudgha.
     4 | D        | Found Kero's Staff Store.
     4 | D        | Found Idepyt's Magic Scroll Shop.
     5 | D        | Found a shadowy altar of Dithmenos.
     5 | D        | Found Buruargh's Must-Have Magic.
     5 | D        | Found Ypest's Magic Scroll Shop.
     5 | D        | Round 1.
    21 | D        | Found a sacrificial altar of Ru.
    23 | D        | Noticed an iron imp
    25 | D        | Found a corrupted altar of Lugonu.
    25 | D        | Found a viscous altar of Jiyva.
    25 | D        | Found Cuskaom's Jewellery.
    26 | D        | Found Keiwk's Advanced Armour.
    36 | D        | Killed an iron imp
    36 | D        | Reached skill level 6 in Unarmed Combat
    36 | D        | Reached XP level 2. HP: 10/17 MP: 2/2
    36 | D        | Reached XP level 3. HP: 12/21 MP: 3/3
    37 | D        | Found a burning altar of Makhleb.
    37 | D        | Found a blossoming altar of Fedhas.
    37 | D        | Found an opulent altar of Gozag.
    37 | D        | Found Awkea's Identification Station.
    53 | D        | Found a shimmering blue altar of Sif Muna.
    55 | D        | Became a worshipper of Makhleb the Destroyer
    57 | D        | Found a glowing silver altar of Zin.
    58 | D        | Found a radiant altar of Vehumet.
    58 | D        | Found Uxommularo's Premium Goods.
    60 | D        | Found Unesegim's Miscellaneous Merchandise.
    60 | D        | Found Gufuon's Basic Armour.
    67 | D        | Found Gaochot's Weapon Rack.
    67 | D        | Found a stormy altar of Qazlal.
    67 | D        | Found a glowing golden altar of the Shining One.
    78 | D        | Found an iron altar of Okawaru.
    80 | D        | Found a snail-covered altar of Cheibriados.
    80 | D        | Found a roughly hewn altar of Beogh.
    80 | D        | Found Doiwa's Do-It-Yourself Clinic.
    80 | D        | Found Maoshug's Bottled Wisdom.
    81 | D        | Found Cekk's Distillery.
    86 | D        | Found Isyng's Distillery.
   167 | D        | Reached skill level 7 in Unarmed Combat
   170 | D        | Killed from afar by a shadow imp

Illustrated notes

Levels and vault maps discovered:
D:        arena_sprint

Skill      XL: |  1  2  3 |
---------------+----------+-----
Unarmed Combat | 6 7 |  7.9
Fighting       | |  2.1
Throwing       | |  1.7
Dodging        | |  2.4

Action                   || total
-------------------------++-------
Melee: Unarmed           ||    21
       Punch             ||     1
Armor: Leather armour    ||     3
Dodge: Dodged            ||    10

Table legend: (Time is in decaauts)
 A = Elapsed time spent in this place.
 B = Non-inter-level travel time spent in this place.
 C = Inter-level travel time spent in this place.
 D = Time resting spent in this place.
 E = Time spent auto-exploring this place.
 F = Levels seen in this place.
 G = Mean time per level.
                   A        B        C        D        E       F      G
               +--------+--------+--------+--------+--------+-----+--------+
         Total |    168 |    168 |      0 |     51 |     73 |   1 |  168.0 |
       Dungeon |    168 |    168 |      0 |     51 |     73 |   1 |  168.0 |
               +--------+--------+--------+--------+--------+-----+--------+

Top non-repeatable levels by time:
       D: 168 daAuts
